 Dungeon Crawl Stone Soup version 0.28.0-45-g0d030f2227 (webtiles) character file.

Game seed: 3760727792463657253

517 pkoi the Chiller (level 6, 0/47 HPs)
             Began as a Demigod Ice Elementalist on Apr 14, 2022.
             Slain by an ogre
             ... wielding a +0 giant club
              (32 damage)
             ... on level 4 of the Dungeon.
             The game lasted 00:05:39 (5525 turns).

pkoi the Chiller (Demigod Ice Elementalist)         Turns: 5525, Time: 00:05:40

Health: 0/47       AC:  4    Str:  9    XL:     6   Next: 68%
Magic:  5/11       EV: 12    Int: 25    God:
Gold:   136        SH:  0    Dex: 14    Spells: 2/8 levels left

rFire   . . .      SeeInvis .   i - +0 dagger
rCold   . . .      Faith    .   (no shield)
rNeg    . . .      Spirit   .   a - +0 robe
rPois   .          Reflect  .   p - +0 helmet
rElec   .          Harm     .   d - +0 cloak
rCorr   .          Rampage  .   (no gloves)
Will    .....                   (no boots)
Stlth   ++........              (no amulet)
HPRegen 0.15/turn               (no ring)
MPRegen 0.12/turn               (no ring)

@: freezing walls
A: high MP 1, forlorn, divine attributes
a: no special abilities


You were on level 4 of the Dungeon.
You visited 1 branch of the dungeon, and saw 4 of its levels.

You collected 136 gold pieces.

Inventory:

Hand Weapons
 c - a +0 mace
 i - a +0 dagger (weapon)
Armour
 a - a +0 robe (worn)
 d - a +0 cloak (worn)
 m - the +3 buckler "Gysusewn" {-Cast +Blink rPois Slay+2}
   (You found it on level 3 of the Dungeon)

   Slay:      It affects your accuracy & damage with ranged weapons and melee
   (+2).
   rPois:     It protects you from poison.
   +Blink:    It lets you blink.
   -Cast:     It prevents spellcasting.
 p - a +0 helmet (worn)
Scrolls
 b - a scroll of fear {unknown}
 e - 4 scrolls of identify {unknown}
 g - a scroll of teleportation {unknown}
 h - a scroll of brand weapon {unknown}
 k - a scroll of fog {unknown}
Potions
 f - a potion of degeneration {unknown}
 j - a potion of flight {unknown}
 l - a potion of magic {unknown}
 n - a potion of curing {unknown}
 o - a potion of cancellation {unknown}


   Skills:
 + Level 1.1 Fighting
 + Level 1.0 Short Blades
 + Level 2.2 Dodging
 + Level 2.3 Stealth
 - Level 1.7 Spellcasting
 + Level 1.0 Hexes
 * Level 6.9 Ice Magic


You had 2 spell levels left.
You knew the following spells:

 Your Spells              Type           Power      Damage    Failure   Level
a - Freeze                Ice            100%       1d11      1%          1
b - Frozen Ramparts       Ice            74%        1d9       1%          3
c - Ensorcelled Hibernat  Hex/Ice        44%        N/A       3%          2

Your spell library contained the following spells:

 Spells                   Type           Power      Damage    Failure   Level
 Ozocubu's Armour         Ice            37%        N/A       1%          3
 Hailstorm                Conj/Ice       19%        3d6       26%         4
 Spider Form              Tmut/Pois      2%         N/A       34%         3
 Anguish                  Hex/Necr       2%         N/A       67%         4


Dungeon Overview and Level Annotations

Branches:
Dungeon (4/15)
 Temple: D:4-7


Innate Abilities, Weirdness & Mutations

You have an increased reservoir of magic. (+10% MP)
You shall have no god before yourself.
Your divine heritage dramatically boosts your attributes as you level up.


Message History

An ogre is nearby!
Found a stone staircase leading up.
The ogre shouts!
Found a thin smoking staff.
A hobgoblin comes into view.
Casting: Freeze (safe; 1% risk of failure)
Confirm with . or Enter, or press ? or * to list all spells.
Casting: Frozen Ramparts (safe; 1% risk of failure)
Press: ? - help, Dir - look around, f - activate
Okay, then.
Unknown command.
You see here a +0 robe.
Casting: Frozen Ramparts (safe; 1% risk of failure)
Confirm with . or Enter, or press ? or * to list all spells.
Aiming: Ensorcelled Hibernation (safe; 3% risk of failure)
Press: ? - help, Shift-Dir - straight line, f - ogre
Aim: an ogre, wielding a +0 giant club (chance to affect: 54%)
The ogre looks drowsy...
Unknown command.
The helpless ogre fails to defend itself.
You puncture the ogre!
The ogre is heavily wounded.
The ogre hits you with a +0 giant club!
* * * LOW HITPOINT WARNING * * *
Unknown command.
Casting: Ensorcelled Hibernation (safe; 3% risk of failure)
Confirm with . or Enter, or press ? or * to list all spells.
Casting: Frozen Ramparts (safe; 1% risk of failure)
Press: ? - help, Dir - look around, f - activate The walls around you are covered in ice.
Unknown command.
Aiming: Freeze (safe; 1% risk of failure)
Press: ? - help, Q - select action, (/) - cycle Shift-Dir - straight line, f - ogre
Aim: an ogre, wielding a +0 giant club (heavily wounded)
You freeze the ogre.
The ogre is heavily wounded.
The wall freezes the ogre!
The ogre hits you with a +0 giant club!!
Ouch! That really hurt!
You die...

### ..# ######
..############....#
..................#
..############....#
..# #....# ###
###.## #.# #@# ##.
# #O# # ... .. #.#
.# ...
###.###.###..# ..
.............## ##.
###.##........# ...
#.#...##....# ...
#.....# $#..# ...
#.......## # ..


You could see an ogre.

Vanquished Creatures
  A sky beast (D:3)
  A black bear (D:2)
  An ogre (D:4)
  A bullfrog (D:4)
  A hound (D:4)
  An iguana (D:4)
  Robin (D:4)
  A howler monkey skeleton (D:4)
  4 adders
  A worm (D:3)
  A dart slug (D:1)
  7 endoplasms
  3 giant cockroaches
  9 hobgoblins
  6 kobolds
  A quokka (D:1)
  6 ball pythons
  2 bats
  3 frilled lizards
  12 goblins
  A quokka skeleton (D:4)
  8 rats
72 creatures vanquished.

Vanquished Creatures (others)
  A fungus (D:2)
  7 plants (D:2)
8 creatures vanquished.

Grand Total: 80 creatures vanquished

Notes
Turn   | Place    | Note
-------+----------+-------------------------------------------
     0 | D:1      | pkoi the Demigod Ice Elementalist began the quest for the
                  | Orb.
     0 | D:1      | Reached XP level 1. HP: 14/14 MP: 5/5
   406 | D:1      | Reached skill level 4 in Ice Magic
   503 | D:1      | Reached XP level 2. HP: 20/20 MP: 5/7
  1986 | D:2      | Reached XP level 3. HP: 21/26 MP: 1/8
  2804 | D:2      | Noticed a black bear
  2810 | D:2      | Learned a level 3 spell: Frozen Ramparts
  2815 | D:2      | Killed a black bear
  2816 | D:2      | Reached skill level 5 in Ice Magic
  2816 | D:2      | Reached XP level 4. HP: 18/33 MP: 2/9
  3322 | D:3      | Noticed a sky beast
  3330 | D:3      | Killed a sky beast
  3331 | D:3      | Reached skill level 6 in Ice Magic
  3331 | D:3      | Reached XP level 5. HP: 17/38 MP: 2/10
  3507 | D:3      | Learned a level 2 spell: Ensorcelled Hibernation
  3944 | D:3      | Identified the +3 buckler "Gysusewn" {-Cast +Blink rPois
                  | Slay+2}
  4682 | D:4      | Reached XP level 6. HP: 23/46 MP: 5/11
  4971 | D:4      | Reached skill level 1 in Fighting
  4971 | D:4      | Reached skill level 1 in Short Blades
  4971 | D:4      | Reached skill level 1 in Hexes
  5347 | D:4      | Noticed Robin
  5362 | D:4      | Killed Robin
  5525 | D:4      | Slain by an ogre

Illustrated notes

Levels and vault maps discovered:
D:1:      elethiomel_arrival_infinity_welcomes_careful_drivers,
          layout_loops_ring, chequers_serial_rivers_small_3, minmay_pentomino_q4
D:2:      layout_basic, shapermc_ecumenical_altar_mp_ritualfount,
          feat_on_display
D:3:      layout_rooms, mainiacjoe_overflow_alcove_1
D:4:      layout_rooms, vehumet_crystals, led_sif_book,
          minmay_temple_entry_butterflies, uniq_robin, uniq_eustachio

Skill      XL: |  1  2  3  4  5  6 |
---------------+-------------------+-----
Ice Magic      | 4 5 6 |  6.9
Dodging        | 2 |  2.2
Stealth        | 2 |  2.3
Fighting       | 1 |  1.1
Short Blades   | 1 |  1.0
Hexes          | 1 |  1.0
Spellcasting   | |  1.7

Action                   |  1- 3 |  4- 6 || total
-------------------------+-------+-------++-------
Melee: Unarmed           |     3 |       ||     3
       Mace              |     7 |     1 ||     8
       Dagger            |       |    61 ||    61
       Punch             |       |     1 ||     1
 Cast: Freeze            |    67 |    32 ||    99
       Frozen Ramparts   |     1 |    10 ||    11
       Ensorcelled Hiber |       |     3 ||     3
 Stab: Sleeping          |       |     5 ||     5
Armor: Robe              |     7 |     7 ||    14
Dodge: Dodged            |    50 |    40 ||    90
